 Dungeon Crawl Stone Soup version 0.28.0-47-ge53b351184 (webtiles) character file.

Game seed: 2076559760777809115

609 Urriah the Sneak (level 7, 56/56 HPs)
             Began as a Black Draconian Brigand on May 3, 2022.
             Was a Priest of Lugonu.
             Quit the game on level 4 of the Dungeon.
             The game lasted 00:24:49 (4438 turns).

Urriah the Sneak (Black Draconian Brigand)          Turns: 4438, Time: 00:24:50

Health: 56/56      AC:  8    Str: 13    XL:     7   Next: 19%
Magic:  9/9        EV: 12    Int: 18    God:    Lugonu [***...]
Gold:   120        SH:  5    Dex: 13    Spells: 5/9 levels left

rFire   . . .      SeeInvis .   f - +7 short sword "Fuseu" {holy, *Noise rN++ rCorr Int+5}
rCold   . . .      Faith    .   (no shield)
rNeg    + + .      Spirit   .   (armour unavailable)
rPois   .          Reflect  +   (helmet restricted)
rElec   +          Harm     .   b - +1 cloak
rCorr   +          Rampage  .   (no gloves)
Will    .....                   (no boots)
Stlth   +++.......              e - amulet of reflection
HPRegen 0.18/turn               (no ring)
MPRegen 0.11/turn               (no ring)

@: no status effects
A: breathe lightning, AC +6, unfitting armour, electricity resistance,
cold-blooded
a: Breathe Lightning, Renounce Religion, Depart the Abyss, Bend Space, Banish


You were on level 4 of the Dungeon.
You worshipped Lugonu.
Lugonu was most pleased with you.
You visited 1 branch of the dungeon, and saw 4 of its levels.

You collected 120 gold pieces.

Inventory:

Hand Weapons
 a - a +2 dagger
 f - the +7 short sword "Fuseu" (weapon) {holy, *Noise rN++ rCorr Int+5}
   (You found it on level 2 of the Dungeon)

   It has been blessed by the Shining One to cause great damage to the undead
   and demons.
   Int:       It affects your intelligence (+5).
   rN:        It greatly protects you from negative energy.
   *Noise:    It may make noises in combat.
   rCorr:     It protects you from acid and corrosion.
Missiles
 c - 11 poisoned darts (quivered)
 h - 2 curare-tipped darts
Armour
 b - a +1 cloak (worn)
Jewellery
 e - an amulet of reflection (around neck)
Scrolls
 g - a scroll of teleportation
 i - a scroll of immolation {unknown}
 k - a scroll of vulnerability
 l - a scroll of holy word
Potions
 d - a potion of lignification {unknown}
 j - a potion of magic {unknown}


   Skills:
 * Level 2.7 Fighting
 * Level 4.1(4.2) Short Blades
 - Level 1.0(2.8) Long Blades
 * Level 3.0 Throwing
 * Level 2.1 Dodging
 * Level 4.9 Stealth
 + Level 0.2 Shields
 * Level 1.9 Spellcasting
 * Level 2.0 Summonings
 * Level 2.0 Invocations


You had 5 spell levels left.
You knew the following spells:

 Your Spells              Type           Power      Damage    Failure   Level
a - Summon Small Mammal   Summ           36%        N/A       8%          1
b - Call Canine Familiar  Summ           9%         N/A       24%         3

Your spell library contained the following spells:

 Spells                   Type           Power      Damage    Failure   Level
 Summon Guardian Golem    Hex/Summ       5%         N/A       34%         3


Dungeon Overview and Level Annotations

Branches:
Dungeon (4/15)
 Temple: D:4-7

Altars:
Hepliaklqana
Lugonu


Innate Abilities, Weirdness & Mutations

You can breathe wild blasts of lightning.
Your glossy black scales are hard. (AC +6)
You cannot fit into any form of body armour.
You are resistant to electric shocks. (rElec)
You are cold-blooded and may be slowed by cold attacks.


Message History

c - 2 poisoned darts (gained 1)
c - 3 poisoned darts (gained 1)
c - 5 poisoned darts (gained 2)
c - 6 poisoned darts (gained 1)
Things that are here:
a +0 club; 17 arrows; a kobold corpse
c - 8 poisoned darts (gained 2)
c - 9 poisoned darts (gained 1)
Things that are here:
a +0 club; 17 arrows; a kobold corpse
c - 10 poisoned darts (gained 1)
c - 11 poisoned darts (gained 1)
Found a scroll labelled TYSOBO GARGHOO.
A jelly comes into view.
Activating: Breathe Lightning (5% risk of failure)
Press: ? - help, Dir - look around, f - activate You breathe a wild blast of lightning!
The orb of electricity explodes!
The orb of electricity engulfs the jelly!!
You kill the jelly!
Lugonu accepts your kill.
You hear a mighty clap of thunder!
The orb of electricity explodes!
The orb of electricity engulfs you! You resist.
Your Summonings skill increases to level 2!
k - a scroll labelled TYSOBO GARGHOO
Found 15 gold pieces.
You now have 103 gold pieces (gained 15).
You have got your breath back.
There is an open door here.
Found a stone staircase leading down.
Found 15 stones.
Found two stone staircases leading down.
Found 17 gold pieces.
You now have 120 gold pieces (gained 17).
There is a stone staircase leading down here.
Found a scroll of identify.
m - a scroll of identify
As you read the scroll of identify, it crumbles to dust.
k - a scroll of vulnerability Are you sure you want to abandon this character and quit the game? (Confirm with "yes".)

#####...####..........###
#.......+........)....
##...####.........####
##..# ##....†..## # ##.#
##.....## #
#.#######..)## #
#.........)## #
#..#######.####### #.@#
#.......# #..#
#####.#####.# #..#
#........#
#......#....#..... ##.##
##........# #..
...####### ### #####


There were no monsters in sight!

Vanquished Creatures
  Edmund (D:4)
  An orc priest (D:3)
  3 jellies (D:4)
  A bullfrog skeleton (D:4)
  3 orc wizards
  Natasha (twice) (D:3)
  A hound skeleton (D:4)
  Robin (D:2)
  6 adders
  3 gnolls (D:4)
  A worm (D:3)
  5 dart slugs
  12 orcs
  7 ball pythons
  6 bats
  7 endoplasms
  9 giant cockroaches
  8 hobgoblins
  2 quokkas (D:1)
  3 frilled lizards
  12 goblins
  6 kobolds
  5 rats
105 creatures vanquished.

Vanquished Creatures (others)
  A fungus (D:1)
1 creature vanquished.

Grand Total: 106 creatures vanquished

Notes
Turn   | Place    | Note
-------+----------+-------------------------------------------
     0 | D:1      | Urriah the Draconian Brigand began the quest for the Orb.
     0 | D:1      | Reached XP level 1. HP: 17/17 MP: 1/1
    41 | D:1      | Reached skill level 1 in Dodging
   308 | D:1      | Reached XP level 2. HP: 24/24 MP: 2/2
  1393 | D:1      | Found a faded altar of an unknown god.
  1411 | D:1      | Prayed at the altar of an unknown god.
  1411 | D:1      | Became a worshipper of Lugonu the Unformed
  1411 | D:1      | Reached * piety under Lugonu
  1411 | D:1      | Reached ** piety under Lugonu
  1551 | D:2      | Reached XP level 3. HP: 14/30 MP: 3/3
  1708 | D:2      | Noticed Robin
  1730 | D:2      | Killed Robin
  1780 | D:2      | Reached skill level 1 in Invocations
  1812 | D:2      | Reached XP level 4. HP: 37/37 MP: 4/4
  2028 | D:2      | Reached skill level 1 in Long Blades
  2130 | D:2      | Learned a level 1 spell: Summon Small Mammal
  2131 | D:2      | Identified the +7 short sword "Fuseu" {holy, *Noise rN++
                  | rCorr Int+5}
  2972 | D:3      | Found a hazy altar of Hepliaklqana.
  3015 | D:3      | Reached *** piety under Lugonu
  3016 | D:3      | Reached skill level 1 in Spellcasting
  3016 | D:3      | Reached XP level 5. HP: 28/42 MP: 6/6
  3204 | D:3      | Noticed Natasha
  3212 | D:3      | Killed Natasha
  3213 | D:3      | Reached skill level 1 in Summonings
  3220 | D:3      | Learned a level 3 spell: Call Canine Familiar
  3562 | D:3      | Noticed Natasha
  3567 | D:3      | Killed Natasha
  3568 | D:3      | Reached XP level 6. HP: 50/50 MP: 7/7
  3845 | D:4      | Noticed Edmund
  3858 | D:4      | Killed Edmund
  4032 | D:4      | Your scales start taking on a glossy black colour.
  4032 | D:4      | Reached XP level 7. HP: 35/56 MP: 9/9
  4032 | D:4      | Gained mutation: You are resistant to electric shocks.
                  | (rElec) [Black Draconian growth]
  4438 | D:4      | Quit the game

Illustrated notes

Levels and vault maps discovered:
D:1:      dpeg_arrival_boxes_within_box, layout_basic,
          dreamdust_ecumenical_altar_hidden_monk_grotto
D:2:      minmay_chambers_of_ones, layout_basic, uniq_robin
D:3:      layout_loops_corners, mainiacjoe_overflow_concentric_impassable,
          minmay_crystal_room, uniq_natasha
D:4:      minmay_angry_zag, layout_loops_corners, uniq_grinder, uniq_edmund

Skill      XL: |  1  2  3  4  5  6  7 |
---------------+----------------------+-----
Dodging        | 1 2 |  2.1
Stealth        | 4 |  4.9
Throwing       | 2 3 |  3.0
Invocations    | 1 2 |  2.0
Long Blades    | 1 |  1.0
Spellcasting   | 1 |  1.9
Short Blades   | 3 4 |  4.1
Summonings     | 1 2 |  2.0
Fighting       | |  2.7
Shields        | |  0.2

Action                   |  1- 3 |  4- 6 |  7- 9 || total
-------------------------+-------+-------+-------++-------
Melee: Dagger            |    74 |    25 |       ||    99
       Tailslap          |     7 |     9 |     2 ||    18
       Short sword       |       |   108 |     6 ||   114
       Punch             |       |     1 |       ||     1
Throw: Dart              |    28 |    53 |    12 ||    93
 Cast: Summon Small Mamm |       |     3 |       ||     3
Invok: Bend Space        |       |     1 |       ||     1
 Abil: Breathe Lightning |       |       |     5 ||     5
  Use: Scroll            |     3 |     2 |     1 ||     6
       Potion            |       |     3 |       ||     3
 Stab: Sleeping          |     1 |    12 |       ||    13
Armor: Skin              |    20 |    31 |       ||    51
Dodge: Dodged            |    40 |    53 |     5 ||    98
Block: Other             |     9 |    20 |       ||    29
       Reflection        |     1 |     1 |       ||     2
